cohdb
Replays
Latest Replays
All Replays
Popular Replays
Top Player Replays
Match Explorer
How It Works
Community
CoH3 Stats
Reddit
Sign in to upload your games and track your stats! →
Sign in with Steam
Match 42607239
Unlisted
Match 42607239
Overview
Messages
Build Orders
End
Construct Barracks
Riflemen Squad
Riflemen Squad
Riflemen Squad
Riflemen Squad
Grenade Package
Construct Medical Station
Construct Weapon Support Center
M1919 Machine Gun Team
M1919 Machine Gun Team
Bazooka Squad
Infantry Support Center
Survival Training
M1918 Browning Automatic Rifles
Advanced Logistics
M3 Armored Personnel Carrier
Engineer Squad
M1919 Machine Gun Team
Construct Tank Depot
Riflemen Squad
Bazooka Squad
M4A1 Sherman Medium Tank
AfroNinja
NotQuiteAKing
Dr Jello
eliass0101
0
0
Comments
sign in to comment!
No comments posted yet!